 BcadrenCrawl: Boulder Brew version 0.06-744-gf22570f5e0 (webtiles) character file.

Game seed: 676740834389530924

119 LabCoat the Skirmisher (level 5, 0/69 HPs) Hill Orc Fighter. Began on Mar 6, 2023. Slain by a jelly (2 damage) ... on level 1 of the Dungeon. The game lasted 00:04:13 (1179 turns).

LabCoat the Skirmisher (Hill Orc Fighter)           Turns: 1179, Time: 00:04:13

Health: 0/69       AC:  3    Str: 20    XL:     5 ^: 148
Magic:  5/5        EV:  8    Int:  8    God:
Gold:   87         SH:  7    Dex: 10    Spells: 4/4 levels left

rFire    . . .     Slash    .   a - +0 war axe (molten)
rCold    . . .     Pierce   .   c - +0 heater shield
rNeg     . . .     Bludgeon .   b - +0 scale mail
rCorr    . . .     Vision   .   (no helmet)
rPois    .         Gourm    .   (no cloak)
rElec    .         Faith    .   (no gloves)
MR       .....     Spirit   .   (no boots)
HPRegen  0.33/turn Reflect  .   (no amulet)
MPRegen  0.15/turn Harm     .   (no ring)
Stlth    ..........             (no ring)

@: corroded
A: soft flesh
a: no special abilities


You were on level 1 of the Dungeon.
You were not hungry.

You visited 1 branch of the dungeon, and saw 2 of its levels.

You collected 87 gold pieces.

Inventory:

Weapons
 a - a +0 war axe of molten steel (weapon) Shields
 c - a +0 heater shield (shield)
Armour
 b - a +0 scale mail (worn)
Jewellery
 e - a cursed amulet of the gourmand {(Curse: *Drain)}
 i - a cursed ring of magical power {(Curse: *Drain)}
Scrolls
 g - 2 scrolls of enchantment
Comestibles
 f - a ration


   Skills:
 * Level 4.5 Fighting
 * Level 4.0 Axes & Hammers
 + Level 3.7 Armour
 + Level 0.9 Dodging
 * Level 4.2 Shields


You had 4 spell levels left.
You didn't know any spells.
Your spell library was empty.

Dungeon Overview and Level Annotations

Branches:
Dungeon (2/8)

Altars:


Innate Abilities, Weirdness & Mutations

((Your soft flesh is weak to deep cuts.
Heavy manmade armour will nullify this weakness. (rSlashing-)))


Message History

You block the cinder newt's attack. The jelly hits you but does no damage.
You hit the jelly (1).
It resists.
You burn the jelly (1).
Your hands burn (4).
* * * LOW HITPOINT WARNING * * *
The jelly is moderately wounded. (12/18) HP You closely miss the cinder newt.
The cinder newt bites you (1).
* * * LOW HITPOINT WARNING * * *
The cinder newt burns you (4).
* * * LOW HITPOINT WARNING * * *
The jelly hits you but does no damage.
You hit the jelly but do no damage.
Your hands burn (3).
* * * LOW HITPOINT WARNING * * *
The jelly is moderately wounded. (12/18) HP You hit the cinder newt but do no damage.
You block the cinder newt's attack. The jelly hits you but does no damage.
The cinder newt bites you (2).
* * * LOW HITPOINT WARNING * * *
The cinder newt burns you (4).
* * * LOW HITPOINT WARNING * * *
The jelly hits you (2).
You die...

...# #....# ##.............#
.#.###....# #####..............#
≈#.......## #........###.......#
≈#####...## #.......####.......#
8#..##....#####.≈.....##.........
≈#.........#.#.>≈..#+#.#.........
≈#....##...#.#≈≈..##.##....)...##
.#.............Jl.##.##.###..#...
#...............@.#...#.....####.
#.................#...#.....[##..
.≈...#...........##...##........#
#>≈..##......#####..8..#####.....
##≈...#..[..###...........###....
#....#......+.....8.<.8.....+.#..
#....##.....###...........####.).
#............#####..8..########..
##...............##...##.........


You could see a jelly and a cinder newt.

Vanquished Creatures
  5 sewer rats (D:1)
  A cinder newt (D:1)
  6 worms (D:1)
  A dart slug (D:1)
  A leopard gecko (D:1)
  5 bats (D:1)
  3 goblins (D:1)
  2 hobgoblins (D:1)
  10 rats (D:1)
34 creatures vanquished.

Notes
Turn   | Place    | Note
-------+----------+-------------------------------------------
     0 | D:1      | LabCoat the Hill Orc Fighter began the quest for the Orb.
     0 | D:1      | Reached XP level 1. HP: 29/29 MP: 1/1
    47 | D:1      | Reached XP level 2. HP: 28/39 MP: 2/2
    81 | D:1      | Reached XP level 3. HP: 21/49 MP: 3/3
   808 | D:1      | Reached XP level 4. HP: 50/59 MP: 4/4
   974 | D:1      | Reached XP level 5. HP: 66/69 MP: 5/5
  1179 | D:1      | HP: 2/69 [cinder newt (4)]
  1179 | D:1      | Slain by a jelly

Illustrated notes

Levels and vault maps discovered:
D:1:      evilmike_arrival_plus, layout_cave_pools, serial_glass,
          glass_columns_a, glass_columns_b, nrook_mini_backslash, moated_statue,
          lightli_sewer_entry_pipes
D:2:      layout_sewer, okawaru_trees_1, elyvilon_niche, serial_shops, shop,
          first_ration

Skill      XL: |  1  2  3  4 |
---------------+-------------+-----
Axes & Hammers | 3 4 |  4.0
Fighting       | 4 |  4.5
Shields        | 4 |  4.2
Armour         | |  3.7
Dodging        | |  0.9

Action                   |  1- 3 |  4- 6 || total
-------------------------+-------+-------++-------
Melee: War axe           |    48 |    31 ||    79
Throw: Stone             |     8 |       ||     8
       Rusty metal       |     5 |       ||     5
       Bone              |     4 |       ||     4
       Skull             |     3 |       ||     3
  Use: Scroll            |     1 |       ||     1
       Potion            |     1 |     1 ||     2
  Eat: Chunk             |       |     1 ||     1
Armor: Scale mail        |    25 |    16 ||    41
Dodge: Dodged            |     4 |     8 ||    12
Block: Heater shield     |    16 |    21 ||    37
